 Dungeon Crawl Stone Soup version 0.30.0-17-ge0270778cf (webtiles) character file.

Game seed: 9325449477698791110

6379 juan097 the Cleaver (level 10, -3/91 HPs)
             Began as a Minotaur Berserker on May 21, 2023.
             Was a High Priest of Trog.
             Slain by a blink frog (11 damage)
             ... on level 1 of the Lair of Beasts.
             The game lasted 00:14:24 (7380 turns).

juan097 the Cleaver (Minotaur Berserker)            Turns: 7380, Time: 00:14:25

Health: -3/91      AC:  6    Str: 25    XL:     10   Next: 65%
Magic:  9/9        EV: 13    Int:  4    God:    Trog [*****.]
Gold:   404        SH:  0    Dex: 11    Spells: 9/9 levels left

rFire   + . .        b - +3 dagger (venom)
rCold   . . .        (no shield)
rNeg    . . .        v - +1 robe of the Catfish {+Inv SInv}
rPois   +            (helmet restricted)
rElec   .            H - +0 cloak
rCorr   .            g - +0 pair of gloves
SInv    +            (no boots)
Will    ++...        i - amulet of the acrobat
Stlth   ++           l - ring of poison resistance {=R}
HPRegen 1.35/turn    o - ring of protection from fire
MPRegen 0.11/turn

%: acrobat
@: about to teleport, strong-willed (expiring), regenerating (expiring)
A: horns 2, retaliatory headbutt
a: Renounce Religion, Evoke Invisibility, Berserk, Trog's Hand, Brothers in Arms


You were on level 1 of the Lair of Beasts.
You worshipped Trog.
Trog was extremely pleased with you.
You visited 2 branches of the dungeon, and saw 9 of its levels.

You collected 404 gold pieces.

Inventory:

Hand Weapons
 a - a +2 heavy battleaxe
 b - a +3 dagger of venom (weapon)
Missiles
 h - a curare-tipped dart
 j - 22 poisoned darts (quivered)
 D - 2 throwing nets
Armour
 g - a +0 pair of gloves (worn)
 v - the +1 robe of the Catfish (worn) {+Inv SInv}
   (You found it on level 2 of the Dungeon)

   SInv:      It lets you see invisible.
   +Inv:      It lets you turn invisible.
 H - a +0 cloak (worn)
Jewellery
 i - an amulet of the acrobat (around neck)
 k - a ring of see invisible
 l - a ring of poison resistance (left hand) {=R}
 m - a ring of resist corrosion
 o - a ring of protection from fire (right hand)
 s - a +4 ring of protection
Wands
 y - a wand of charming (5)
 E - a wand of roots (5)
 K - a wand of mindburst (11)
 M - a wand of polymorph (5)
Scrolls
 c - a scroll of magic mapping
 d - 2 scrolls of blinking
 n - 3 scrolls of teleportation
 q - 3 scrolls of noise {unknown}
 r - 4 scrolls of enchant weapon
 F - a scroll of fear {unknown}
 G - a scroll of torment {unknown}
 J - 2 scrolls of fog {unknown}
 L - a scroll of vulnerability {unknown}
 N - a scroll of immolation {unknown}
Potions
 f - 2 potions of flight
 p - a potion of might
 t - a potion of lignification
 u - 3 potions of heal wounds {unknown}
 w - a potion of ambrosia {unknown}
 x - a potion of berserk rage {unknown}
 z - 3 potions of haste {unknown}
 A - a potion of degeneration {unknown}
 B - 2 potions of attraction
 C - a potion of magic {unknown}
 I - a potion of curing {unknown}
Miscellaneous
 O - a phantom mirror


   Skills:
 + Level 9.1 Fighting
 * Level 13.3 Axes
 + Level 3.2 Throwing
 + Level 7.4 Armour
 + Level 4.9 Dodging
 - Level 4.0 Stealth
 + Level 3.1 Evocations


You had 9 spell levels left.
You didn't know any spells.
Your spell library was empty.

Dungeon Overview and Level Annotations

Branches:
Dungeon (8/15)             Temple (0/1) D:6            Lair (1/5) D:8

Altars:
Dithmenos
Elyvilon
Gozag
Nemelex Xobeh
Trog
The Shining One

Shops:
D:6 =   D:8 *


Innate Abilities, Weirdness & Mutations

You have a pair of horns on your head.
You reflexively headbutt those who attack you in melee.


Message History

The blink frog looks as sick as possible!
Your headbutt misses the blink frog.
The blink frog is heavily wounded.
The blink frog hits you.
The blink frog blinks!
The blink frog blinks! x3
You miss the blink frog.
The blink frog blinks! x2
The blink frog barely misses you.
You miss the blink frog. You headbutt the blink frog.
You kill the blink frog!
Trog accepts your kill. The blink frog hits you!
The blink frog blinks!
You closely miss the blink frog.
The blink frog is heavily wounded.
The blink frog hits you!
* * * LOW HITPOINT WARNING * * *
The blink frog hits you!
* * * LOW HITPOINT WARNING * * *
The blink frog gives a loud, deep croak!
Okay, then.
Blink to where?
Press: ? - help, Dir - move target
As you read the scroll of blinking, it crumbles to dust.
Aiming: Mindburst
Press: ? - help, Shift-Dir - straight line, f - blink frog
Aim: a blink frog (chance to affect: 60%)
Okay, then.
The blink frog blinks!
Aiming: Charm
Press: ? - help, Shift-Dir - straight line, f - blink frog
Aim: a blink frog (heavily wounded, chance to affect: 38%)
Okay, then.
As you read the scroll of teleportation, it crumbles to dust.
You feel strangely unstable.
You hit the blink frog.
The blink frog is poisoned.
The blink frog is heavily wounded.
You feel the effects of Trog's Hand fading.
The blink frog hits you.
* * * LOW HITPOINT WARNING * * *
The blink frog barely misses you. The blink frog hits you!
You die...

.........[...#≈###.#
...................#
......###..##....######
.......#...~..~..~....#
..####...~~~~.~....~.####
..##≈≈≈≈~~≈~~~~~~..≈≈≈≈≈# ....##
..#≈≈≈≈≈~~≈~~~~~~~.≈≈≈###
#.....# .##≈##.......~..~....##
#...... .#≈≈ ##.....~...@F~#..#
#....#
.#######.........F.#..#####....#
.....# ##.[...........#.P.#....#
.....# ###........F...........#
.....# #.###.###.............##
###### ### ### ###..#####.....#
# #..#####....## ##..P##.#....#
#....F...÷...##


You could see 3 blink frogs.

Vanquished Creatures
  A tengu warrior (D:8)
  A two-headed ogre (D:8)
  Pikel (D:4)
  A deep elf pyromancer (D:8)
  A cane toad (Lair:1)
  A rime drake (Lair:1)
  A komodo dragon (Lair:1)
  A polar bear (shapeshifter) (D:8)
  A blink frog (Lair:1)
  A yak (D:8)
  A wyvern (D:8)
  Menkaure (D:3)
  3 water moccasins
  3 black bears
  A centaur (D:8)
  4 kobold brigands
  A phantom (D:5)
  Blork the orc (D:5)
  5 bullfrogs
  A gnoll sergeant (D:6)
  3 scorpions
  7 killer bees
  4 howler monkeys
  3 hounds (D:5)
  A sleepcap (D:5)
  Ijyb (D:5)
  3 iguanas
  Robin (D:4)
  20 gnolls
  A howler monkey skeleton (D:3)
  6 adders
  A shadow imp (D:6)
  A white imp (D:6)
  5 ufetubi
  An adder skeleton (D:3)
  A worm (D:3)
  A dart slug (D:1)
  6 orcs
  9 endoplasms
  2 giant cockroaches
  10 hobgoblins
  5 jackals
  22 kobolds
  A quokka (D:3)
  7 ball pythons
  6 bats
  4 frilled lizards
  A giant cockroach zombie (D:3)
  18 goblins
  9 rats
191 creatures vanquished.

Notes
Turn   | Place    | Note
-------+----------+-------------------------------------------
     0 | D:1      | juan097 the Minotaur Berserker began the quest for the Orb.
     0 | D:1      | Reached XP level 1. HP: 19/19 MP: 0/0
   184 | D:1      | Reached XP level 2. HP: 25/27 MP: 1/1
   246 | D:1      | Found Vier Vuf's Weapon Shop.
   329 | D:1      | Reached skill level 4 in Axes
   388 | D:1      | Reached ** piety under Trog
   579 | D:1      | Reached XP level 3. HP: 33/33 MP: 2/2
   580 | D:1      | Found a faded altar of an unknown god.
  1018 | D:2      | Reached skill level 1 in Stealth
  1284 | D:2      | Identified the +1 robe of the Catfish {+Inv SInv}
  1625 | D:3      | Reached XP level 4. HP: 36/40 MP: 3/3
  1849 | D:3      | Reached skill level 5 in Axes
  1853 | D:3      | Reached *** piety under Trog
  1925 | D:3      | Reached XP level 5. HP: 38/47 MP: 4/4
  2333 | D:4      | Noticed Menkaure
  2422 | D:3      | Killed Menkaure
  2423 | D:3      | Reached XP level 6. HP: 53/53 MP: 5/5
  2465 | D:4      | Found an opulent altar of Gozag.
  2466 | D:4      | Found a white marble altar of Elyvilon.
  2473 | D:4      | Noticed Robin
  2481 | D:4      | Found a shadowy altar of Dithmenos.
  2484 | D:4      | Killed Robin
  2501 | D:4      | Reached skill level 6 in Axes
  2635 | D:4      | Reached skill level 5 in Fighting
  2677 | D:4      | Noticed Pikel
  2685 | D:4      | Killed Pikel
  2686 | D:4      | Reached skill level 7 in Axes
  2686 | D:4      | Reached skill level 5 in Armour
  2686 | D:4      | Reached XP level 7. HP: 62/62 MP: 6/6
  3010 | D:5      | Entered Level 5 of the Dungeon
  3216 | D:5      | Reached **** piety under Trog
  3220 | D:5      | Reached XP level 8. HP: 47/70 MP: 7/7
  3385 | D:5      | Reached skill level 8 in Axes
  3623 | D:5      | Noticed Ijyb
  3631 | D:5      | Killed Ijyb
  3683 | D:5      | Noticed Blork the orc
  3694 | D:5      | Killed Blork the orc
  4120 | D:6      | Found a staircase to the Ecumenical Temple.
  4208 | D:6      | Found Wikaodor's Jewellery Shoppe.
  4226 | D:6      | Reached skill level 9 in Axes
  4815 | D:7      | Reached skill level 10 in Axes
  4815 | D:7      | Reached XP level 9. HP: 67/79 MP: 8/8
  5229 | D:7      | Found a glowing golden altar of the Shining One.
  5347 | D:7      | Found a bloodstained altar of Trog.
  5455 | D:8      | Reached skill level 11 in Axes
  5456 | D:8      | Found a sparkling altar of Nemelex Xobeh.
  5503 | D:8      | Noticed a deep elf pyromancer
  5521 | D:8      | Killed a deep elf pyromancer
  5522 | D:8      | Reached skill level 12 in Axes
  5547 | D:8      | Noticed a polar bear
  5569 | D:8      | Killed a polar bear
  5706 | D:8      | Noticed a tengu warrior
  5707 | D:8      | Noticed a two-headed ogre
  5952 | D:8      | Found Plog's Mass Market.
  5967 | D:8      | Reached skill level 1 in Throwing
  6217 | D:8      | Killed a two-headed ogre
  6218 | D:8      | Reached skill level 1 in Evocations
  6445 | D:8      | Reached XP level 10. HP: 90/90 MP: 9/9
  6667 | D:8      | Killed a tengu warrior
  6687 | D:8      | Reached ***** piety under Trog
  6783 | D:8      | Found a staircase to the Lair.
  7073 | Lair:1   | Entered Level 1 of the Lair of Beasts
  7075 | Lair:1   | Reached skill level 13 in Axes
  7194 | Lair:1   | Noticed a cane toad
  7204 | Lair:1   | Killed a cane toad
  7372 | Lair:1   | HP: 2/91 [blink frog (12)]
  7380 | Lair:1   | Slain by a blink frog

Illustrated notes

Levels and vault maps discovered:
D:1:      lemuel_arrival_room, layout_loops_ring,
          shapermc_ecumenical_altar_notcrosses, serial_shops, shop
D:2:      layout_loops_ring, kennysheep_cross_bottleneck
D:3:      layout_loops_ring, serial_undead, serial_undead_c, serial_undead_c,
          serial_undead_d, serial_undead_f, st_stairs_7
D:4:      layout_rooms, chequers_temple_overflow_statue_of_worship,
          uniq_menkaure, uniq_pikel, uniq_robin
D:5:      layout_basic, uniq_ijyb, uniq_blork_the_orc
D:6:      layout_basic, temple_pool_b, serial_shops,
          nicolae_shop_just_a_little_nook
D:7:      layout_cave_pools, minmay_misc_feat_square, hangedman_feature_mirror
D:8:      layout_cave_pods, nemelex_xobeh_ov_fountains_minmay,
          david_lair_generic, minmay_shop_mass, kb_rosetta
Lair:1:   layout_gridlike, serial_rivers, chequers_serial_rivers_small_3,
          chequers_serial_rivers_micro_b, chequers_serial_rivers_large_a,
          chequers_serial_rivers_marsh, st_stairs_5,
          nzn_masters_of_martial_movement

Skill      XL: |  1  2  3  4  5  6  7  8  9 10 |
---------------+-------------------------------+-----
Axes           | 4 5 7 10 12 13 | 13.3
Stealth        | 1 2 3 4 |  4.0
Fighting       | 4 5 6 7 8 9 |  9.1
Armour         | 3 5 6 7 |  7.4
Dodging        | 3 4 |  4.9
Throwing       | 1 3 |  3.2
Evocations     | 1 3 |  3.1

Action                     |  1- 3 |  4- 6 |  7- 9 | 10-12 || total
---------------------------+-------+-------+-------+-------++-------
  Melee: Hand axe          |    90 |   120 |   209 |    27 ||   446
         Headbutt          |     9 |    20 |    35 |    14 ||    78
         Punch             |       |     1 |     1 |       ||     2
         Dagger            |       |       |    31 |     6 ||    37
         Battleaxe         |       |       |       |    21 ||    21
  Throw: Dart              |       |       |    23 |    18 ||    41
         Throwing net      |       |       |     2 |       ||     2
 Invoke: Berserk           |       |     2 |     3 |       ||     5
         Trog's Hand       |       |       |       |     1 ||     1
  Evoke: Wand              |       |       |     1 |     4 ||     5
    Use: Scroll            |       |       |    10 |     6 ||    16
         Potion            |       |       |     1 |       ||     1
   Stab: Sleeping          |     1 |       |     4 |     1 ||     6
 Armour: Animal skin       |     2 |       |       |       ||     2
         Leather armour    |     7 |       |       |       ||     7
         Robe              |     6 |    31 |    80 |     9 ||   126
  Dodge: Dodged            |    53 |    85 |   195 |    42 ||   375
